 Dungeon Sprint DCSS version 0.27-a0-1287-gca74d27db6 (webtiles) character file.

Game seed: 9050678587955739640

60763 mhtbhm the Slayer (level 15, -4/120 HPs)
             Began as a Gargoyle Berserker on June 15, 2021.
             Was the Champion of Trog.
             Killed from afar by a hellephant (20 damage)
             ... with a blast of flame
             ... in the Dungeon (Sprint II: "The Violet Keep of Menkaure").
             The game lasted 00:16:20 (5140 turns).

mhtbhm the Slayer (Gargoyle Berserker)              Turns: 5140, Time: 00:16:20

Health: -4/120     AC: 40    Str: 32    XL:     15   Next: 0%
Magic:  15/15      EV: 14    Int: 13    God:    Trog [******]
Gold:   2902       SH:  5    Dex:  9    Spells: 14/14 levels left

rFire    + . .     SeeInvis +   a - +8 morningstar of Qagybb {vorpal, +Blink rElec rPois rC+}
rCold    + + +     Faith    .   (no shield)
rNeg     + . .     Spirit   .   b - +8 scale mail of Death Resistance {Int+4 Slay+5}
rPois    ∞         Reflect  +   B - +1 helmet {SInv}
rElec    +         Harm     .   C - +2 cloak {rCorr}
rCorr    +         Rampage  .   (no gloves)
Will     +....     NoTele   +   v - +1 pair of boots
Stlth    +++.......             k - amulet of reflection
HPRegen  0.30/turn              i - ring of protection from fire
MPRegen  0.14/turn              w - ring "Xeozola" {rC+ Str+6 Slay+2}

@: on berserk cooldown, flying, slowed, studying Evocations, very slow
A: sickness immunity, AC +11, big wings, negative energy resistance 1,
electricity resistance, torment resistance 1, petrification resistance, cold
resistance 1, shaggy fur 2
a: Renounce Religion, Evoke Blink, Berserk, Trog's Hand, Brothers in Arms


You were in the Dungeon.
You worshipped Trog.
Trog was exalted by your worship.
You visited 1 branch You collected 4510 gold pieces.
You spent 1608 gold pieces at shops.

Inventory:

Hand Weapons
 a - the +8 morningstar of Qagybb (weapon) {vorpal, +Blink rElec rPois rC+}
   (You found it in the Dungeon)

   It inflicts extra damage upon your enemies.
   It protects you from cold.
   It insulates you from electricity.
   It protects you from poison.
   It lets you blink.
 j - a +7 antimagic great mace
 H - a +2 dire flail of holy wrath
Missiles
 t - 3 javelins
 u - 56 poisoned darts (quivered)
Armour
 b - the +8 scale mail of Death Resistance (worn) {Int+4 Slay+5}
   (You bought it in a shop in the Dungeon)

   It affects your intelligence (+4).
   It affects your accuracy and damage with ranged weapons and melee attacks
   (+5).
 v - a +1 pair of boots (worn)
 B - a +1 helmet of see invisible (worn)
 C - a +2 cloak of preservation (worn)
Jewellery
 i - a ring of protection from fire (left hand)
 k - an amulet of reflection (around neck)
 l - the ring "Icux" {Fire Dex+7}
   (You found it in the Dungeon)

   [ring of fire]

   It enhances your fire magic.
   It affects your dexterity (+7).
   It protects you from fire.
   It makes you vulnerable to cold.
 w - the ring "Xeozola" (right hand) {rC+ Str+6 Slay+2}
   (You bought it in a shop in the Dungeon)

   [ring of protection from cold]

   It affects your strength (+6).
   It affects your accuracy and damage with ranged weapons and melee attacks
   (+2).
   It protects you from cold.
 D - a ring of positive energy
Scrolls
 d - 3 scrolls of identify
 m - 2 scrolls of enchant armour
 p - 2 scrolls of fear
 r - a scroll of summoning
 s - a scroll of vulnerability
 A - 2 scrolls of magic mapping
 F - 2 scrolls of acquirement
Potions
 c - 8 potions of curing
 f - 14 potions of magic
 g - a potion of berserk rage
 h - 2 potions of heal wounds
 o - 3 potions of resistance
 q - 8 potions of flight
 x - a potion of invisibility
 z - 30 potions of mutation
 I - a potion of lignification
Miscellaneous
 y - a lightning rod (4/4)
 E - a phantom mirror
 G - a condenser vane


   Skills:
 + Level 24.0 Fighting
 + Level 22.6 Maces & Flails
 + Level 16.1 Armour
 + Level 12.4 Dodging
 + Level 9.9 Stealth
 + Level 9.5 Shields
 + Level 4.0 Evocations


You had 14 spell levels left.
You didn't know any spells.
Your spell library was empty.

Dungeon Overview and Level Annotations

Branches:
Dungeon (1/1)

Altars:
Cheibriados
Dithmenos
Elyvilon
Fedhas
Gozag
Hepliaklqana
Kikubaaqudgha
Makhleb
Nemelex Xobeh
Okawaru
Qazlal
Ru
Sif Muna
Trog
Uskayaw
Vehumet
Wu Jian
Xom
Yredelemnul
Zin
The Shining One
Beogh
Jiyva
Lugonu

Shops:
D ===!:[=?=*=[*?(!=[(=*!([:[?(*::([

Annotations:
D exclusion: oklob plant


Innate Abilities, Weirdness & Mutations

You are immune to sickness and miasma.
Your stone body is resilient. (AC +11)
You are immune to poison.
Your large and strong wings let you fly.
You resist negative energy. (rN+)
You are resistant to electric shocks. (rElec)
You are resistant to unholy torment.
You are immune to petrification.
Your flesh is cold resistant. (rC+)
You are covered in thick fur. (AC +2)


Message History

You block Sonja's attack. Sonja hits you but does no damage. x2
Space warps horribly around you!
* * * LOW HITPOINT WARNING * * *
The hellephant tramples you but does no damage.
The hellephant bites you but does no damage.
The hellephant gores you!
* * * LOW HITPOINT WARNING * * *
You impale Sonja!!
You kill Sonja!
Trog accepts your kill.
Trog appreciates your killing of a magic user.
Something appears at your feet!
You see here a +3 antimagic mace.
Trog grants you a weapon!
You have reached level 15!
Your experience leads to an increase in your attributes!
Your base attributes are Str 25, Int 9, Dex 9.
Increase (S)trength, (I)ntelligence, or (D)exterity?
You feel stronger.
Unknown command.
You puncture the hellephant!
The hellephant is moderately wounded.
You closely miss the hellephant.
The hellephant is moderately wounded.
The hellephant tramples you but does no damage.
The hellephant bites you but does no damage.
The hellephant misses you.
You crush the hellephant like a grape!!!
The hellephant is severely wounded.
You are no longer berserk.
You are exhausted.
You feel yourself slow down.
You barely miss the hellephant.
The hellephant is severely wounded.
The hellephant closely misses you. You block the hellephant's attack.
The hellephant closely misses you.
You beat the hellephant like a drum!!!
The hellephant is almost dead.
The hellephant breathes flames at you. The blast of flame hits you!!
You resist.
You die...

,,,,*,,,▓.♣♣..♣...♣♣...♣.♣♣.▓
,,,,*,▓▓▓.♣♣.)♣♣..♣♣[.♣♣..♣.▓
*,,,*,..▓.♣♣..♣♣..♣...♣♣....▓
▓▓+▓▓▓▓.▓.♣..^♣♣......♣♣....▓
+.°○▓0..▓.....▓▓▓▓▓▓▓▓▓▓''▓▓▓#
#..○▓▓▓▓▓▓▓▓▓▓▓▓▓▓▓▓▓........#
#○.°▓≈≈§≈≈§≈§▓▓▓....▓.''''''.#
##}=▓▓▓▓▓▓▓▓▓▓▓▓'▓▓.▓.'≈..≈'.#
.#)|▓..[([.(.▓▓.@.▓.▓.'§..≈'.#
.#○}▓)(.....(▓▓Y⌠)▓^▓.'≈.§≈'.#
.#))▓.....)::▓▓...▓.▓.'§.§≈§.#
####▓..[...).▓▓...▓.▓.'≈.§§'.#
##.#▓.)..((..▓▓...▓^▓.'≈§§≈§.#
#..#▓....)[.(▓▓...▓§▓.§§§§§§.#
#.)#▓.(.[[.[[▓▓$⌠.▓§▓)▓§§.§▓)#
##.#▓.....)..▓▓...▓§▓.▓§§.≈▓.#
..##▓▓▓▓▓▓▓'▓▓▓▓+▓▓§▓▓▓§).≈▓▓#


You could see a hellephant (catching breath).

Vanquished Creatures
  A golden dragon (D)
  A deep elf blademaster (D)
  A deep elf master archer (D)
  A kraken (D)
  2 sphinxes (D)
  3 quicksilver dragons (D)
  Gastronok (D)
  Kirke (D)
  2 storm dragons (D)
  Roxanne (D)
  A draconian shifter (D)
  A cacodemon (D)
  A dire elephant (D)
  3 lorocyprocas (D)
  A crystal guardian (D)
  A yaktaur captain (D)
  A great orb of eyes (D)
  A centaur warrior (D)
  An iron elemental (D)
  A death yak (D)
  Sonja (D)
  A skeletal warrior (D)
  3 sixfirhies (D)
  2 death drakes (D)
  A glowing orange brain (D)
  2 deep trolls (D)
  An obsidian statue (D)
  A harpy (D)
  12 shining eyes (D)
  3 orc sorcerers (D)
  2 slime creatures (D)
  A merfolk siren (D)
  An ice statue (D)
  An eye of devastation (D)
  2 unseen horrors (D)
  2 cane toads (D)
  A yaktaur (D)
  A kobold demonologist (D)
  3 polar bears (D)
  A hornet (D)
  2 redbacks (D)
  6 flying skulls (D)
  3 wyverns (D)
  7 water moccasins (D)
  3 black bears (D)
  2 swamp drakes (D)
  9 floating eyes (D)
  5 necrophages (D)
  5 scorpions (D)
  9 electric eels (D)
  An iron imp (D)
  A jelly (D)
  3 worms (D)
  A spectral bat (D)
  6 tentacles (D)
131 creatures vanquished.

Vanquished Creatures (collateral kills)
  A golden dragon (D)
  A bone dragon (D)
  A frost giant (D)
  A deep elf high priest (D)
  An ice dragon (D)
  2 hell hogs (D)
  An elephant (D)
  2 wyverns (D)
  A floating eye (D)
  A spectral bat (D)
12 creatures vanquished.

Vanquished Creatures (others)
  Menkaure (D)
  A water moccasin (D)
  14 tentacles (D)
16 creatures vanquished.

Grand Total: 159 creatures vanquished

Notes
Turn   | Place    | Note
-------+----------+-------------------------------------------
     0 | D        | mhtbhm the Gargoyle Berserker began the quest for the Orb.
     0 | D        | Reached XP level 1. HP: 14/14 MP: 1/1
     1 | D        | Noticed a necrophage
     1 | D        | Noticed a necrophage
     1 | D        | Noticed a necrophage
     1 | D        | Noticed a necrophage
    10 | D        | Killed a necrophage
    11 | D        | Reached skill level 6 in Fighting
    11 | D        | Reached XP level 2. HP: 23/23 MP: 2/2
    11 | D        | Reached XP level 3. HP: 28/28 MP: 3/3
    11 | D        | Reached XP level 4. HP: 32/32 MP: 4/4
    14 | D        | Killed a necrophage
    15 | D        | Reached skill level 7 in Fighting
    15 | D        | Reached XP level 5. HP: 39/39 MP: 5/5
    19 | D        | Killed a necrophage
    19 | D        | Reached ** piety under Trog
    20 | D        | Reached skill level 8 in Fighting
    20 | D        | Reached XP level 6. HP: 45/45 MP: 6/6
    26 | D        | Killed a necrophage
    27 | D        | Reached skill level 9 in Fighting
    40 | D        | Killed Menkaure
   121 | D        | Killed a water moccasin
   129 | D        | Reached *** piety under Trog
   130 | D        | Reached skill level 10 in Fighting
   130 | D        | Reached skill level 10 in Maces & Flails
   130 | D        | Reached XP level 7. HP: 52/52 MP: 7/7
   179 | D        | Reached skill level 5 in Armour
   219 | D        | Noticed a merfolk siren
   229 | D        | Killed a merfolk siren
   229 | D        | Reached **** piety under Trog
   230 | D        | Reached skill level 11 in Fighting
   230 | D        | Reached skill level 5 in Dodging
   230 | D        | Reached XP level 8. HP: 45/60 MP: 8/8
   529 | D        | Found Nowkor's Magic Scroll Shop.
   531 | D        | Found Mumiozugavo's Antique Armour Boutique.
   532 | D        | Found Yvasunif's Book Boutique.
   532 | D        | Found Wulaev's Weapon Shop.
   532 | D        | Found Xigapp's Armour Shop.
   533 | D        | Found Woeretee's Antique Weapon Boutique.
   533 | D        | Found Sout's Distillery.
   534 | D        | Found Aduotas's Antique Weapon Shop.
   575 | D        | Found Ofrezy's Antique Armour Shop.
   576 | D        | Found Pisofaad's Antique Armour Shop.
   576 | D        | Found Juuph's Jewellery Boutique.
   577 | D        | Noticed a yak
   580 | D        | Noticed a polar bear
   581 | D        | Found Nuonuuzi's Magic Scroll Shop.
   581 | D        | Noticed a yak
   581 | D        | Noticed an oklob plant
   582 | D        | Found Jicsa's Distillery.
   582 | D        | Found Beblesue's Jewellery Boutique.
   582 | D        | Found Nyuzih's Book Shoppe.
   582 | D        | Noticed a yak
   583 | D        | Noticed a polar bear
   596 | D        | Reached ***** piety under Trog
   606 | D        | Bought a jewelled scale mail for 234 gold pieces
   606 | D        | Identified the +8 scale mail of Death Resistance {Int+4
                  | Slay+5} (You bought it in a shop in the Dungeon)
   614 | D        | Noticed a manticore
   614 | D        | Noticed a manticore
   617 | D        | Noticed a manticore
   619 | D        | Bought a ring of protection from fire for 275 gold pieces
   659 | D        | Bought a glowing dire flail for 140 gold pieces
   685 | D        | Found a glowing silver altar of Zin.
   686 | D        | Found a glowing golden altar of the Shining One.
   686 | D        | Found a basalt altar of Yredelemnul.
   686 | D        | Found a hide-covered altar of Uskayaw.
   687 | D        | Found a shimmering altar of Xom.
   687 | D        | Found a bloodstained altar of Trog.
   687 | D        | Found a radiant altar of Vehumet.
   687 | D        | Found a burning altar of Makhleb.
   688 | D        | Found an ornate altar of the Wu Jian Council.
   688 | D        | Found a shimmering blue altar of Sif Muna.
   688 | D        | Found a corrupted altar of Lugonu.
   689 | D        | Found a sacrificial altar of Ru.
   689 | D        | Found an ancient bone altar of Kikubaaqudgha.
   689 | D        | Found a white marble altar of Elyvilon.
   690 | D        | Found a stormy altar of Qazlal.
   690 | D        | Found a viscous altar of Jiyva.
   690 | D        | Found a shadowy altar of Dithmenos.
   691 | D        | Found a hazy altar of Hepliaklqana.
   691 | D        | Found a snail-covered altar of Cheibriados.
   692 | D        | Noticed a polar bear
   692 | D        | Noticed a polar bear
   693 | D        | Noticed a yaktaur
   693 | D        | Noticed a hornet
   698 | D        | Killed a polar bear
   699 | D        | Reached skill level 12 in Fighting
   699 | D        | Noticed a polar bear
   711 | D        | Killed a polar bear
   714 | D        | Killed a hornet
   715 | D        | Reached XP level 9. HP: 67/67 MP: 9/9
   715 | D        | Killed a polar bear
   721 | D        | Killed a yaktaur
   722 | D        | Reached skill level 13 in Fighting
   722 | D        | Reached skill level 1 in Stealth
   889 | D        | Noticed a kraken
  1417 | D        | Killed a kraken
  1418 | D        | Reached skill level 14 in Fighting
  1418 | D        | Reached skill level 15 in Maces & Flails
  1418 | D        | Reached XP level 10. HP: 76/76 MP: 10/10
  1528 | D        | Received a gift from Trog
  1545 | D        | Found a blossoming altar of Fedhas.
  1546 | D        | Found an opulent altar of Gozag.
  1601 | D        | Found a sparkling altar of Nemelex Xobeh.
  1602 | D        | Found an iron altar of Okawaru.
  1609 | D        | Noticed an ice statue
  1629 | D        | Noticed a deep troll
  1629 | D        | Noticed a deep troll
  1637 | D        | Killed a deep troll
  1638 | D        | Reached skill level 15 in Fighting
  1640 | D        | Killed a deep troll
  1711 | D        | Noticed a sphinx
  1711 | D        | Noticed a sphinx
  1721 | D        | Killed a sphinx
  1722 | D        | Reached skill level 16 in Fighting
  1722 | D        | Reached skill level 10 in Armour
  1722 | D        | Reached XP level 11. HP: 83/83 MP: 11/11
  1724 | D        | Killed a sphinx
  1724 | D        | Received a gift from Trog
  1878 | D        | Bought the ring "Xeozola" {rC+ Str+6 Slay+2} for 583 gold
                  | pieces
  1936 | D        | Noticed a death drake
  1937 | D        | Noticed a death drake
  1939 | D        | Noticed a crystal guardian
  1946 | D        | Killed a death drake
  1955 | D        | Killed a death drake
  1955 | D        | Reached ****** piety under Trog
  1959 | D        | Killed a crystal guardian
  1960 | D        | Reached skill level 17 in Fighting
  2067 | D        | Received a gift from Trog
  2120 | D        | Noticed a deep elf master archer
  2136 | D        | Reached skill level 1 in Shields
  2160 | D        | Killed a deep elf master archer
  2161 | D        | Reached skill level 18 in Fighting
  2161 | D        | Reached XP level 12. HP: 33/92 MP: 12/12
  2432 | D        | Noticed a hell hog
  2432 | D        | Noticed a death yak
  2432 | D        | Noticed a hell hog
  2432 | D        | Noticed an ice dragon
  2432 | D        | Noticed a great orb of eyes
  2436 | D        | Killed a great orb of eyes
  2439 | D        | Killed a hell hog
  2440 | D        | Received a gift from Trog
  2446 | D        | Killed an ice dragon
  2449 | D        | Killed a death yak
  2452 | D        | Killed a hell hog
  2452 | D        | Identified the +5 battleaxe of Shame {vorpal, Str+5 Int-5}
                  | (Trog gifted it to you in the Dungeon)
  2452 | D        | Received a gift from Trog
  2529 | D        | Identified the ring "Icux" {Fire Dex+7}
  2670 | D        | Received a gift from Trog
  2840 | D        | Identified Roxanne's Collected Works on the Rocks
  2840 | D        | Noticed Roxanne
  2871 | D        | Killed Roxanne
  2872 | D        | Reached skill level 19 in Fighting
  2952 | D        | Noticed a storm dragon
  2965 | D        | Killed a storm dragon
  3045 | D        | Found Ilyiv's Antique Armour Boutique.
  3045 | D        | Found Memocehu's Antique Weapon Shoppe.
  3045 | D        | Found Paen's Book Emporium.
  3045 | D        | Found Homon's Weapon Boutique.
  3045 | D        | Noticed a golden dragon
  3054 | D        | Killed a golden dragon
  3055 | D        | Reached skill level 10 in Dodging
  3055 | D        | Reached skill level 5 in Stealth
  3055 | D        | Reached XP level 13. HP: 97/101 MP: 4/13
  3130 | D        | Noticed Kirke
  3133 | D        | Noticed a yaktaur captain
  3133 | D        | Received a gift from Trog
  3134 | D        | Noticed a cacodemon
  3139 | D        | Noticed a bone dragon
  3139 | D        | Noticed a golden dragon
  3141 | D        | Killed Kirke
  3141 | D        | Noticed a deep elf high priest
  3143 | D        | Noticed a storm dragon
  3149 | D        | Killed a bone dragon
  3150 | D        | Reached skill level 20 in Fighting
  3150 | D        | Reached skill level 5 in Shields
  3154 | D        | Killed a yaktaur captain
  3161 | D        | Killed a golden dragon
  3161 | D        | Received a gift from Trog
  3166 | D        | Noticed a frost giant
  3174 | D        | Killed a cacodemon
  3183 | D        | Killed a storm dragon
  3184 | D        | Reached skill level 15 in Armour
  3189 | D        | Killed a deep elf high priest
  3190 | D        | Reached skill level 21 in Fighting
  3191 | D        | Killed a frost giant
  3191 | D        | Received a gift from Trog
  3255 | D        | Received a gift from Trog
  3382 | D        | Found Ketaugus's Jewellery Emporium.
  3382 | D        | Found Nuloojat's Armour Shop.
  3382 | D        | Found Plog's Jewellery Shop.
  3382 | D        | Found Careas's Jewellery Shoppe.
  3382 | D        | Found Paleib's General Store.
  3383 | D        | Found Hiwevvam's Jewellery Shoppe.
  3383 | D        | Found Ekhez's Assorted Antiques.
  3383 | D        | Found Tithoq's Distillery.
  3383 | D        | Found Nekhohum's Jewellery Shop.
  3383 | D        | Found Qeomaghy's Magic Scroll Emporium.
  3383 | D        | Found Mostriaku's Jewellery Shop.
  3383 | D        | Found Ywnexal's General Store.
  3402 | D        | Bought a scroll of identify for 48 gold pieces
  3402 | D        | Bought a scroll of identify for 48 gold pieces
  3403 | D        | Bought a potion of heal wounds for 55 gold pieces
  3403 | D        | Bought a potion of heal wounds for 55 gold pieces
  3407 | D        | Bought a scroll of identify for 20 gold pieces
  3407 | D        | Bought a scroll of enchant armour for 75 gold pieces
  3407 | D        | Bought a scroll of identify for 20 gold pieces
  3407 | D        | Bought a scroll of identify for 20 gold pieces
  3413 | D        | Bought a scroll of immolation for 35 gold pieces
  3527 | D        | Reached skill level 1 in Evocations
  3633 | D        | Found Plog's Book Shoppe.
  3634 | D        | Found Bucus's Assorted Antiques.
  3838 | D        | Received a gift from Trog
  3988 | D        | Noticed Gastronok
  3995 | D        | Killed Gastronok
  3996 | D        | Gained mutation: Your large and strong wings let you fly.
                  | [Gargoyle growth]
  3996 | D        | Reached XP level 14. HP: 111/111 MP: 4/14
  4047 | D        | Noticed a dire elephant
  4056 | D        | Killed a dire elephant
  4067 | D        | Received a gift from Trog
  4068 | D        | Reached skill level 22 in Fighting
  4113 | D        | Identified the +1 long sword of Aczegh {vorpal, Drain rPois
                  | rCorr Str+6}
  4114 | D        | Identified Pitox's Almanac of Frigorific Changing
  4186 | D        | Identified the +8 morningstar of Qagybb {vorpal, +Blink
                  | rElec rPois rC+}
  4193 | D        | Identified the +1 quarterstaff "Kaffuh" {flame, Dex+2}
  4427 | D        | Noticed a deep elf blademaster
  4439 | D        | Killed a deep elf blademaster
  4439 | D        | Received a gift from Trog
  4517 | D        | Gained mutation: Your body sometimes deteriorates upon
                  | taking damage. [a shining eye]
  4518 | D        | Gained mutation: Armour fits poorly on your strangely
                  | shaped body. [a shining eye]
  4520 | D        | Received a gift from Trog
  4526 | D        | Paralysed by a floating eye for 4 turns
  4528 | D        | Received a gift from Trog
  4528 | D        | Gained mutation: You are frail. (-10% HP) [a shining eye]
  4543 | D        | Gained mutation: Your magical capacity is low. (-10% MP) [a
                  | shining eye]
  4579 | D        | Paralysed by a floating eye for 3 turns
  4580 | D        | Gained mutation: You are weak. (Str -2) [a shining eye]
  4585 | D        | Gained mutation: You are somewhat resistant to further
                  | mutation. [a shining eye]
  4588 | D        | Reached skill level 23 in Fighting
  4589 | D        | Gained mutation: You are very weak. (Str -4) [a shining
                  | eye]
  4594 | D        | Gained mutation: You are clumsy. (Dex -2) [a shining eye]
  4598 | D        | Gained mutation: You are very clumsy. (Dex -4) [a shining
                  | eye]
  4599 | D        | Received a gift from Trog
  4599 | D        | Gained mutation: You tend to lose your temper in combat. [a
                  | shining eye]
  4605 | D        | Lost mutation: Your magical capacity is low. (-10% MP)
                  | [potion of mutation]
  4605 | D        | Lost mutation: You are very weak. (Str -4) [potion of
                  | mutation]
  4605 | D        | Lost mutation: Armour fits poorly on your strangely shaped
                  | body. [potion of mutation]
  4605 | D        | Gained mutation: You are very frail. (-20% HP) [potion of
                  | mutation]
  4606 | D        | Lost mutation: You are weak. (Str -2) [potion of mutation]
  4606 | D        | Gained mutation: Your muscles are strong. (Str +2) [potion
                  | of mutation]
  4606 | D        | Gained mutation: You are covered in fur. (AC +1) [potion of
                  | mutation]
  4607 | D        | Lost mutation: You tend to lose your temper in combat.
                  | [potion of mutation]
  4607 | D        | Lost mutation: Your body sometimes deteriorates upon taking
                  | damage. [potion of mutation]
  4608 | D        | Lost mutation: You are very clumsy. (Dex -4) [potion of
                  | mutation]
  4608 | D        | Lost mutation: You are clumsy. (Dex -2) [potion of
                  | mutation]
  4608 | D        | Lost mutation: You are somewhat resistant to further
                  | mutation. [potion of mutation]
  4608 | D        | Gained mutation: Armour fits poorly on your strangely
                  | shaped body. [potion of mutation]
  4609 | D        | Lost mutation: Your muscles are strong. (Str +2) [potion of
                  | mutation]
  4609 | D        | Lost mutation: Armour fits poorly on your strangely shaped
                  | body. [potion of mutation]
  4609 | D        | Lost mutation: You are very frail. (-20% HP) [potion of
                  | mutation]
  4609 | D        | Gained mutation: You are very frail. (-20% HP) [potion of
                  | mutation]
  4609 | D        | Gained mutation: You are covered in thick fur. (AC +2)
                  | [potion of mutation]
  4610 | D        | Lost mutation: You are very frail. (-20% HP) [potion of
                  | mutation]
  4610 | D        | Lost mutation: You are frail. (-10% HP) [potion of
                  | mutation]
  4610 | D        | Gained mutation: Your flesh is cold resistant. (rC+)
                  | [potion of mutation]
  4624 | D        | Identified the +5 hand axe of Fedhas's Esteem {pain, rF-
                  | rN+ SInv Stlth+}
  4665 | D        | Noticed a lorocyproca
  4672 | D        | Killed a lorocyproca
  4729 | D        | Noticed a quicksilver dragon
  4737 | D        | Noticed a quicksilver dragon
  4739 | D        | Killed a quicksilver dragon
  4747 | D        | Killed a quicksilver dragon
  4803 | D        | Noticed a lorocyproca
  4814 | D        | Killed a lorocyproca
  5014 | D        | Noticed a lorocyproca
  5025 | D        | Killed a lorocyproca
  5025 | D        | Received a gift from Trog
  5039 | D        | Noticed a quicksilver dragon
  5049 | D        | Killed a quicksilver dragon
  5052 | D        | Identified 2 scrolls of acquirement
  5117 | D        | Noticed Sonja
  5117 | D        | Noticed a hellephant
  5117 | D        | Noticed a white draconian shifter
  5124 | D        | Killed a white draconian shifter
  5130 | D        | Reached skill level 24 in Fighting
  5135 | D        | Killed Sonja
  5135 | D        | Received a gift from Trog
  5136 | D        | Reached XP level 15. HP: 22/120 MP: 15/15
  5140 | D        | Killed from afar by a hellephant

Illustrated notes

Levels and vault maps discovered:
D:        the_violet_keep_of_menkaure [sprint2_stairs_cluster_1,
          sprint2_shoproom, sprint2_temple, sprint2_basic_supplies,
          sprint2_obstacle_7, sprint2_obstacle_2, sprint2_obstacle_6,
          sprint2_obstacle_1, sprint2_obstacle_3, sprint2_timed_cluster_1,
          sprint2_smallroom_cluster_1, sprint2_smallroom_final_cluster_1,
          sprint2_transparent_cluster_1, sprint2_second_timed_cluster_1,
          sprint2_sniper_area_1, sprint2_heavy_combat_area_1,
          sprint2_mutation_trap_area_1, sprint2_forest_area_1,
          sprint2_light_combat_area_1, sprint2_behind_water_1,
          sprint2_near_end_vault_1]

Skill      XL: |  1  2  3  4  5  6  7  8  9 10 11 12 13 14 |
---------------+-------------------------------------------+-----
Fighting       | 6 7 8 10 11 12 14 16 18 19 21 24 | 24.0
Maces & Flails | 6 7 8 10 11 13 15 16 18 19 20 22 | 22.6
Armour         | 3 4 5 6 8 10 12 13 15 16 | 16.1
Dodging        | 2 3 4 5 7 9 10 11 12 | 12.4
Stealth        | 2 3 4 5 7 9 |  9.9
Shields        | 2 4 7 9 |  9.5
Evocations     | 1 4 |  4.0

Action                   |  1- 3 |  4- 6 |  7- 9 | 10-12 | 13-15 || total
-------------------------+-------+-------+-------+-------+-------++-------
Melee: Mace              |     6 |    23 |    35 |       |       ||    64
       Dire flail        |       |       |    52 |   178 |   104 ||   334
       Morningstar       |       |       |       |       |    97 ||    97
Invok: Berserk           |     1 |     1 |     8 |     9 |    13 ||    32
       Brothers in Arms  |       |       |       |     1 |     4 ||     5
       Trog's Hand       |       |       |       |       |     1 ||     1
Evoke: Lightning rod     |       |       |       |       |     5 ||     5
       Condenser vane    |       |       |       |       |     1 ||     1
  Use: Scroll            |       |       |     1 |     4 |     7 ||    12
       Potion            |       |       |       |     2 |     9 ||    11
 Stab: Distracted        |       |       |       |     1 |     1 ||     2
       Sleeping          |       |       |       |       |     2 ||     2
Armor: Animal skin       |     1 |     5 |     8 |       |       ||    14
       Scale mail        |       |       |    25 |    58 |   110 ||   193
Dodge: Dodged            |     3 |     5 |    43 |    57 |    60 ||   168
Block: Other             |       |       |       |    14 |    30 ||    44
       Reflection        |       |       |       |     2 |       ||     2

Table legend: (Time is in decaauts)
 A = Elapsed time spent in this place.
 B = Non-inter-level travel time spent in this place.
 C = Inter-level travel time spent in this place.
 D = Time resting spent in this place.
 E = Time spent auto-exploring this place.
 F = Levels seen in this place.
 G = Mean time per level.
                   A        B        C        D        E       F      G
               +--------+--------+--------+--------+--------+-----+--------+
         Total |   5363 |   5314 |     49 |   3133 |      1 |   1 | 5363.0 |
       Dungeon |   5363 |   5314 |     49 |   3133 |      1 |   1 | 5363.0 |
               +--------+--------+--------+--------+--------+-----+--------+

Top non-repeatable levels by time:
       D: 5363 daAuts
